 Dungeon Crawl Stone Soup version 0.29.1-13-g9f3cf754e1 (webtiles) character file.

Game seed: 1443067456815201174

2008 kingofthe the Thaumaturge (level 9, -1/45 HPs)
             Began as a Deep Elf Conjurer on Jan 21, 2023.
             Killed by vampiric draining
             ... invoked by a vampire
              (17 damage)
             ... on level 7 of the Dungeon on Jan 22, 2023.
             The game lasted 00:26:13 (7296 turns).

kingofthe the Thaumaturge (Deep Elf Conjurer)       Turns: 7296, Time: 00:26:13

Health: -1/45      AC: 11    Str:  4    XL:     9   Next: 2%
Magic:  14/23      EV: 14    Int: 24    God:
Gold:   331        SH:  0    Dex: 17    Spells: 15/24 levels left

rFire   . . .      SeeInvis .   a - +4 short sword (venom)
rCold   . . .      Faith    .   (no shield)
rNeg    . . .      Spirit   .   s - +1 leather armour {Will+}
rPois   .          Reflect  .   z - +0 helmet
rElec   .          Harm     .   m - +2 cloak
rCorr   .          Rampage  .   n - +2 pair of gloves
Will    +....                   (no boots)
Stlth   +++.......              x - amulet of magic regeneration
HPRegen 0.15/turn               (no ring)
MPRegen 0.58/turn               (no ring)

@: no status effects
A: no striking features
a: no special abilities


You were on level 7 of the Dungeon.
You visited 2 branches of the dungeon, and saw 8 of its levels.

You collected 331 gold pieces.

Inventory:

Hand Weapons
 a - a +4 short sword of venom (weapon)
 b - the +4 trident of Falich {flame, rF- rCorr MP+9 Int-4}
   (You found it on level 6 of the Dungeon)

   It burns those it strikes, dealing additional fire damage.
   Int:       It affects your intelligence (-4).
   rF:        It makes you vulnerable to fire.
   MP:        It affects your magic capacity (+9).
   rCorr:     It protects you from acid and corrosion.
 l - a +1 mace of protection
 t - a +1 antimagic whip
 u - a +2 vorpal mace
 w - a +3 short sword
 y - a +1 flail of protection
 D - a +2 flail of draining
Armour
 m - a +2 cloak (worn)
 n - a +2 pair of gloves (worn)
 s - a +1 leather armour of willpower (worn)
 z - a +0 helmet (worn)
Jewellery
 j - an amulet of regeneration
 x - an amulet of magic regeneration (around neck)
Wands
 v - a wand of flame (15)
 E - a wand of mindburst (6)
Scrolls
 d - a scroll of poison
 f - a scroll of teleportation
 h - a scroll of fear
 o - 7 scrolls of identify
 p - a scroll of amnesia
 C - a scroll of silence {unknown}
 F - a scroll of immolation {unknown}
Potions
 c - 5 potions of curing
 e - a potion of mutation {unknown}
 g - 2 potions of heal wounds {unknown}
 i - a potion of degeneration {unknown}
 k - 2 potions of attraction {unknown}
 q - a potion of invisibility {unknown}
 r - 2 potions of magic
 A - 2 potions of haste {unknown}
 B - a potion of berserk rage {unknown}


   Skills:
 + Level 7.5 Dodging
 - Level 5.0 Stealth
 + Level 8.0 Spellcasting
 + Level 7.8 Conjurations
 + Level 5.2 Fire Magic


You had 15 spell levels left.
You knew the following spells:

 Your Spells              Type           Power      Damage    Failure   Level
a - Magic Dart            Conj           100%       1d8       1%          1
b - Searing Ray           Conj           94%        2d7       1%          2
c - Shock                 Conj/Air       100%       1d9       2%          1
d - Conjure Flame         Conj/Fire      41%        6-21      2%          3
z - Sublimation of Blood  Necr           9%         N/A       17%         2

Your spell library contained the following spells:

 Spells                   Type           Power      Damage    Failure   Level
 Dazzling Flash           Conj/Hex       56%        N/A       7%          3
 Sticky Flame             Conj/Fire      41%        2d6       8%          4
 Wereblood                Tmut           9%         N/A       17%         2
 Ignite Poison            Fire/Tmut/Pois 18%        N/A       17%         3
 Fulminant Prism          Conj/Hex       14%        3d9       24%         4
 Iskenderun's Mystic Bla  Conj/Tloc      28%        2d7       24%         4
 Gell's Gravitas          Tloc           9%         N/A       34%         3
 Swiftness                Air            9%         N/A       34%         3
 Teleport Other           Tloc           9%         N/A       34%         3
 Airstrike                Air            4%         2d(1-17)  75%         4
 Dispersal                Tloc           4%         N/A       100%        6
 Summon Hydra             Summ           4%         N/A       100%        7


Dungeon Overview and Level Annotations

Branches:
Dungeon (7/15)             Temple (1/1) D:4

Altars:
Ashenzari
Cheibriados
Dithmenos
Gozag
Kikubaaqudgha
Nemelex Xobeh
Okawaru
Ru
Trog
Uskayaw
Vehumet
Wu Jian
Yredelemnul
Zin
The Shining One

Shops:
D:3 :   D:4 !

Annotations:
D:5 1 runed translucent door, exclusion: door, Unforgiven's ghost, novice OpCj


Message History

The searing ray hits the vampire.
The vampire is moderately damaged. (Press . to maintain the ray.)
The searing ray hits the vampire.
The vampire is moderately damaged.
The searing ray misses the vampire.
The searing ray hits the vampire but does no damage.
The vampire is moderately damaged.
You finish channelling your searing ray.
The vampire hits you! The vampire bites you.
The vampire draws strength from your injuries!
Casting: Searing Ray (safe; 1% risk of failure)
Confirm with . or Enter, or press ? or * to list all spells.
Aiming: Searing Ray (safe; 1% risk of failure)
Press: ? - help, Shift-Dir - straight line, f/p - vampire
Aim: a vampire (moderately damaged, 82% to hit)
The searing ray hits the vampire.
The vampire is heavily damaged. (Press . to maintain the ray.)
The vampire gestures wildly while chanting.
The vampire flickers and vanishes!
Deactivating autopickup; reactivate with Ctrl-A.
The searing ray hits something.
Something hits you. Something bites you.
Something draws strength from your injuries!
Something hits you but does no damage. Something bites you.
Something draws strength from your injuries!
The searing ray hits something.
You finish channelling your searing ray.
Something hits you but does no damage. Something bites you.
Something draws strength from your injuries!
Casting: Searing Ray (safe; 1% risk of failure)
Confirm with . or Enter, or press ? or * to list all spells.
Aiming: Searing Ray (safe; 1% risk of failure)
Press: ? - help, Shift-Dir - straight line The searing ray hits something. (Press . to maintain the ray.)
Something hits you but does no damage. Something bites you!
Something draws strength from your injuries!
The searing ray hits something.
Something draws life force from you!
You die...

#.##..#
#.#####..##...###.###
#.##.##
#.#####..#..#..##....
#.##.#
#.#........###.......
#.##.#
#.#......#..#..####.#
#.##.#
#.#..###.##...#####.#
#.##.####.#..#
..###....(...#
#.........#..#.###
##########
##.....####..#.#####
# #^....####.@{......
# #..........##.#####
. #.....###### # #
#.....# #######


There were no monsters in sight!

Vanquished Creatures
  Sigmund (D:6)
  3 water moccasins
  A black bear (D:4)
  3 ogres
  A centaur (D:7)
  2 phantoms (D:5)
  A kobold brigand (D:6)
  3 bullfrogs
  A necrophage (D:6)
  2 scorpions (D:4)
  2 hounds (D:6)
  A gnoll bouda (D:5)
  An orc priest (D:6)
  A jelly (D:5)
  An orc wizard (D:6)
  3 iguanas
  9 gnolls
  9 adders
  A white imp (D:6)
  2 ufetubi
  3 dart slugs
  11 orcs
  8 endoplasms
  4 giant cockroaches
  12 goblins
  7 hobgoblins
  3 jackals (D:4)
  6 kobolds
  2 quokkas
  10 ball pythons
  2 bats
  2 frilled lizards (D:2)
  A rat (D:3)
119 creatures vanquished.

Notes
Turn   | Place    | Note
-------+----------+-------------------------------------------
     0 | D:1      | kingofthe the Deep Elf Conjurer began the quest for the
                  | Orb.
     0 | D:1      | Reached XP level 1. HP: 10/10 MP: 6/6
   470 | D:1      | Reached XP level 2. HP: 15/15 MP: 5/8
   473 | D:1      | Learned a level 2 spell: Searing Ray
   583 | D:1      | Found a faded altar of an unknown god.
  1245 | D:2      | Reached XP level 3. HP: 19/19 MP: 5/9
  2268 | D:3      | Learned a level 1 spell: Shock
  2470 | D:3      | Found Cowets's Book Shop.
  2742 | D:3      | Reached XP level 4. HP: 24/24 MP: 5/11
  2961 | D:4      | Noticed a scorpion
  2993 | D:4      | Noticed a black bear
  2993 | D:4      | Found Oderow's Distillery.
  3273 | D:4      | Found a staircase to the Ecumenical Temple.
  3356 | D:4      | Noticed an ogre
  3541 | D:4      | Killed an ogre
  3542 | D:4      | Reached skill level 4 in Spellcasting
  3542 | D:4      | Reached skill level 5 in Conjurations
  3542 | D:4      | Reached XP level 5. HP: 28/28 MP: 1/13
  3717 | D:4      | Killed a black bear
  3718 | D:4      | Reached XP level 6. HP: 32/32 MP: 6/14
  3785 | D:4      | Learned a level 3 spell: Conjure Flame
  3907 | D:4      | Reached skill level 5 in Stealth
  4097 | Temple   | Entered the Ecumenical Temple
  4316 | D:4      | Reached skill level 5 in Spellcasting
  4316 | D:4      | Reached skill level 1 in Fire Magic
  4341 | D:4      | Reached skill level 5 in Dodging
  4575 | D:5      | Entered Level 5 of the Dungeon
  4704 | D:5      | Reached XP level 7. HP: 36/36 MP: 9/17
  5272 | D:5      | Reached skill level 6 in Spellcasting
  5449 | D:5      | Found a runed translucent door.
  5454 | D:5      | Noticed Unforgiven's ghost (novice OpCj)
  5636 | D:6      | Noticed Sigmund
  5640 | D:6      | Killed Sigmund
  5641 | D:6      | Reached XP level 8. HP: 41/41 MP: 15/20
  5752 | D:6      | Identified the +4 trident of Falich {flame, rF- rCorr MP+9
                  | Int-4}
  5889 | D:6      | Learned a level 2 spell: Sublimation of Blood
  5926 | D:6      | Reached skill level 7 in Spellcasting
  6876 | D:7      | Reached skill level 5 in Fire Magic
  7098 | D:7      | Reached skill level 8 in Spellcasting
  7246 | D:7      | Reached XP level 9. HP: 45/45 MP: 19/23
  7296 | D:7      | Killed from afar by a vampire

Illustrated notes

Levels and vault maps discovered:
D:1:      nzn_arrival_depleted_hourglass, layout_basic, serial_curves,
          eino_curves_01, eino_curves_03, eino_curves_03,
          basic_ecumenical_altar, chequers_serial_rivers_micro_c
D:2:      layout_basic
D:3:      layout_basic, serial_shops, nicolae_shop_competitors_out_of_business
D:4:      layout_gridville, minmay_temple_entry_drinking_statues, st_stairs_1,
          chequers_serial_rivers_small_b, grunt_ministairs_13,
          nicolae_stop_n_shop_2, chequers_serial_rivers_micro_e
D:5:      layout_basic, ebering_ghost_sewer_d
D:6:      layout_gridville, uniq_sigmund
D:7:      layout_loops_ring, kennysheep_generic_room_15
Temple:   bh_familiar_temple

Skill      XL: |  1  2  3  4  5  6  7  8 |
---------------+-------------------------+-----
Stealth        | 3 4 5 |  5.0
Dodging        | 3 4 5 6 7 |  7.5
Spellcasting   | 4 5 6 8 |  8.0
Conjurations   | 5 6 7 |  7.8
Fire Magic     | 1 3 5 |  5.2

Action                   |  1- 3 |  4- 6 |  7- 9 || total
-------------------------+-------+-------+-------++-------
Melee: Short sword       |       |     6 |       ||     6
 Cast: Magic Dart        |    90 |    86 |    67 ||   243
       Searing Ray       |     2 |    15 |    33 ||    50
       Shock             |       |     1 |       ||     1
       Conjure Flame     |       |       |     1 ||     1
  Use: Scroll            |       |     1 |     7 ||     8
Armor: Robe              |     2 |       |       ||     2
       Leather armour    |       |     3 |    14 ||    17
Dodge: Dodged            |     9 |    13 |    18 ||    40
